 Dungeon Crawl Stone Soup version 0.27-a0-1191-g601b473118 (webtiles) character file.

Game seed: 16008157066119813283

226 avis the Chopper (level 5, -1/49 HPs)
             Began as a Deep Dwarf Fighter on May 23, 2021.
             Slain by an ogre
             ... wielding a +0 giant club
              (15 damage)
             ... on level 4 of the Dungeon.
             The game lasted 00:21:56 (2988 turns).

avis the Chopper (Deep Dwarf Fighter)               Turns: 2988, Time: 00:21:56

Health: -1/49      AC:  9    Str: 20    XL:     5   Next: 69%
Magic:  5/5        EV:  7    Int:  9    God:
Gold:   143        SH:  9    Dex: 12    Spells: 4/4 levels left

rFire    . . .     SeeInvis .   a - +0 war axe
rCold    . . .     Faith    .   c - +0 kite shield
rNeg     . . .     Spirit   .   k - +0 scale mail
rPois    +         Reflect  .   (no helmet)
rElec    .         Harm     .   w - +0 cloak
rCorr    .         Rampage  .   g - +0 pair of gloves
Will     .....                  (no boots)
Stlth    ..........             (no amulet)
HPRegen  0.00/turn              j - ring of poison resistance
MPRegen  0.09/turn              (no ring)

@: no status effects
A: damage resistance, heal wounds, sense surroundings 1, no regeneration
a: Heal Wounds


You were on level 4 of the Dungeon.
You visited 1 branch of the dungeon, and saw 4 of its levels.

You collected 143 gold pieces.

Inventory:

Hand Weapons
 a - a +0 war axe (weapon)
 b - a +0 hunting sling
 m - a +0 dagger of pain
 u - a +0 hunting sling
Missiles
 e - 56 arrows
 h - 127 stones
 p - 52 bolts
Armour
 c - a +0 kite shield (worn)
 g - a +0 pair of gloves (worn)
 k - a +0 scale mail (worn)
 w - a +0 cloak (worn)
Jewellery
 j - a ring of poison resistance (left hand)
 r - a ring of ice
 y - the ring "Ripten" {Fly Int+4 Dex+3}
   (You found it on level 4 of the Dungeon)

   [ring of flight]

   It affects your intelligence (+4).
   It affects your dexterity (+3).
   It grants you flight.
Wands
 x - a wand of flame (22)
Scrolls
 f - 2 scrolls of identify {unknown}
 i - a scroll of fear {unknown}
 l - 2 scrolls of fog {unknown}
 n - a scroll of silence {unknown}
 q - a scroll of brand weapon {unknown}
 t - a scroll of acquirement {unknown}
 v - a scroll of enchant armour {unknown}
Potions
 d - 2 potions of might
 o - 2 potions of brilliance {unknown}
 s - a potion of mutation {unknown}
 z - a potion of magic {unknown}


   Skills:
 + Level 3.5 Fighting
 * Level 4.5 Axes
 - Level 4.0 Armour
 + Level 4.3 Shields
 + Level 1.3 Evocations


You had 4 spell levels left.
You didn't know any spells.
Your spell library contained the following spells:

 Spells                   Type           Power      Damage    Failure   Level
 Beastly Appendage        Tmut           0%         N/A       99%         1
 Freeze                   Ice            0%         1d3       99%         1
 Wereblood                Tmut           0%         N/A       100%        2
 Frozen Ramparts          Ice            0%         1d2       100%        3
 Ozocubu's Armour         Ice            0%         N/A       100%        3
 Spider Form              Tmut/Pois      0%         N/A       100%        3
 Hailstorm                Conj/Ice       0%         3d3       100%        4
 Ice Form                 Ice/Tmut       0%         N/A       100%        4
 Hydra Form               Tmut           0%         N/A       100%        5
 Metabolic Englaciation   Hex/Ice        0%         N/A       100%        5


Dungeon Overview and Level Annotations

Branches:
Dungeon (4/15)
 Temple: D:4-7

Altars:
Elyvilon
Nemelex Xobeh
Xom

Annotations:
D:4 1 runed translucent door, exclusion: door


Innate Abilities, Weirdness & Mutations

You are resistant to damage.
You can heal yourself by infusing magical energy.
You passively map a small area around you.
You do not regenerate.


Message History

Found a stone staircase leading down.
As you open the door, it creaks loudly!
You hear a shout!
You hear a howl!
An ogre comes into view. It is wielding a +0 giant club.
Found a scroll labelled VIRACYIXUKH.
b - a +0 hunting sling (weapon)
Fire: 130 stones
Press: ? - help, Q - select action, (/) - cycle Shift-Dir - straight line, f - ogre
Aim: an ogre, wielding a +0 giant club (73% to hit)
You shoot a stone. The stone barely misses the ogre.
A howler monkey comes into view.
Fire: 129 stones
Press: ? - help, Q - select action, (/) - cycle Shift-Dir - straight line, f/p - ogre
Aim: an ogre, wielding a +0 giant club (73% to hit)
You shoot a stone. The stone hits the howler monkey.
The howler monkey is lightly wounded.
Fire: 128 stones
Press: ? - help, Q - select action, (/) - cycle Shift-Dir - straight line, f/p - ogre
Aim: an ogre, wielding a +0 giant club (72% to hit)
You shoot a stone. The stone hits the howler monkey.
The howler monkey is heavily wounded.
The howler monkey hoots and howls with incredible vigour!
You hear a shout!
a - a +0 war axe (weapon)
You slash the howler monkey!
The howler monkey is almost dead.
The howler monkey barely misses you.
The howler monkey hits you but does no damage.
You closely miss the howler monkey.
The howler monkey is almost dead.
The howler monkey closely misses you.
You hit the howler monkey.
You kill the howler monkey!
Your Evocations skill increases to level 1!
You closely miss the ogre. The ogre barely misses you.
You slash the ogre!
The ogre is heavily wounded.
The ogre hits you with a +0 giant club!!
* * * LOW HITPOINT WARNING * * *
The ogre hits you with a +0 giant club!
You die...

,, * * , , ,.(. * *
, , * ..., *,,?.. ,
, * , #(# * * #(# *,
.. #.# * , ##.##
##O## * ...# ##.@.##
* , * #..# ##.....##
* *####..#
##.......#
......####.........#
***#...............+
#...............#
#..###.#..>....##
##.# #.##.....## *
,* #)# #.###...##


You could see an ogre.

Vanquished Creatures
  A howler monkey (D:4)
  An iguana (D:4)
  7 gnolls
  4 adders
  2 dart slugs
  5 ball pythons
  4 endoplasms
  A giant cockroach (D:1)
  5 hobgoblins
  4 jackals
  7 kobolds
  2 quokkas
  4 bats
  4 frilled lizards (D:1)
  3 goblins
  5 rats
59 creatures vanquished.

Notes
Turn   | Place    | Note
-------+----------+-------------------------------------------
     0 | D:1      | avis the Deep Dwarf Fighter began the quest for the Orb.
     0 | D:1      | Reached XP level 1. HP: 20/20 MP: 1/1
   217 | D:1      | Reached XP level 2. HP: 27/27 MP: 2/2
   250 | D:1      | Found a faded altar of an unknown god.
   929 | D:2      | Found a shimmering altar of Xom.
  1047 | D:2      | Reached XP level 3. HP: 23/34 MP: 3/3
  1120 | D:2      | You fall into a shaft and drop 2 floors!
  1150 | D:4      | Reached XP level 4. HP: 14/42 MP: 4/4
  1168 | D:4      | Found a runed translucent door.
  2649 | D:4      | Found a sparkling altar of Nemelex Xobeh.
  2680 | D:4      | Reached XP level 5. HP: 18/49 MP: 5/5
  2779 | D:4      | Identified the ring "Ripten" {Fly Int+4 Dex+3}
  2910 | D:4      | Found a white marble altar of Elyvilon.
  2978 | D:4      | Noticed an ogre
  2987 | D:4      | Reached skill level 1 in Evocations
  2988 | D:4      | Slain by an ogre

Illustrated notes

Levels and vault maps discovered:
D:1:      roderic_crossed_star, layout_basic, ebering_ecumenical_altar_petrified
D:2:      layout_loops_ring, basic_altar, kennysheep_generic_room_11
D:3:      layout_basic, hangedman_decor_opposing
D:4:      layout_loops_corners, lemuel_crystal_altar, lemuel_tele_altar,
          uniq_crazy_yiuf_cottage

Skill      XL: |  1  2  3  4  5 |
---------------+----------------+-----
Axes           | 3 4 |  4.5
Fighting       | 3 |  3.5
Shields        | 4 |  4.3
Armour         | 4 |  4.0
Evocations     | 1 |  1.3

Action                   |  1- 3 |  4- 6 || total
-------------------------+-------+-------++-------
Melee: War axe           |    80 |   103 ||   183
 Fire: Hunting sling     |     3 |     3 ||     6
 Abil: Heal Wounds       |       |     2 ||     2
Armor: Scale mail        |    33 |    49 ||    82
Dodge: Dodged            |    22 |    40 ||    62
Block: Kite shield       |    42 |    50 ||    92

Table legend: (Time is in decaauts)
 A = Elapsed time spent in this place.
 B = Non-inter-level travel time spent in this place.
 C = Inter-level travel time spent in this place.
 D = Time resting spent in this place.
 E = Time spent auto-exploring this place.
 F = Levels seen in this place.
 G = Mean time per level.
                   A        B        C        D        E       F      G
               +--------+--------+--------+--------+--------+-----+--------+
         Total |   3103 |   2738 |    365 |      0 |   1664 |   4 |  775.8 |
       Dungeon |   3103 |   2738 |    365 |      0 |   1664 |   4 |  775.8 |
               +--------+--------+--------+--------+--------+-----+--------+

Top non-repeatable levels by time:
     D:1: 942 daAuts
     D:2: 891 daAuts
     D:3: 814 daAuts
     D:4: 454 daAuts
